AoeStats
← Polo AK

Oasis

509562259Analyzed
4v4 RM · 5d ago on Sep 27, 2026· 49m 12s· 8 players
Game mode
Random Map
Map size
Large (8 player)
Population
200
Speed
Normal
Resources
Standard
Victory
Conquest
Starting age
Dark Age
Ending age
Imperial Age
RankedLock teamsTeams togetherTeam positionsShared explorationLock speedFull tech treeHidden civsTurbo modeCheats
Victory
Defeat
🇨🇳 Khmer · China
1146
+13
🇨🇳 Ethiopians · China
1146
+13
🇯🇵 Aztecs · Japan
1137
+13
🇨🇳 Goths · China
1136
+13
🇹🇼 Mongols · Taiwan
1150
-17
🇹🇼 Goths · Taiwan
1075
-13
🇹🇼 Ethiopians · Taiwan
1030
-11
🇹🇼 Britons · Taiwan
1022
-11
Polo AK
10:22 Feudal Age
13:13 Loom
16:17 Castle Age
14:15 Horse Collar
14:40 Double-Bit Axe
19:46 Heavy Plow
20:44 Bow Saw
22:59 Wheelbarrow
28:16 Hand Cart
27:47 Town Watch
31:51 Imperial Age
29:26 Gold Mining
29:59 Caravan
31:00 Gold Shaft Mining
31:23 Ballistics
31:42 Light Cavalry
32:32 Bloodlines
32:39 Forging
32:36 Scale Barding Armor
32:59 Conscription
32:41 Double Crossbow
33:12 Husbandry
33:08 Stone Mining
34:26 Iron Casting
33:23 Hussar
35:01 Chain Barding Armor
36:54 Chemistry
38:59 Blast Furnace
38:35 Plate Barding Armor
39:25 Elite Ballista Elephant
39:59 Heavy Scorpion
41:09 Town Patrol
41:52 Siege Engineers
42:08 Masonry
42:06 Capped Ram
43:35 Siege Ram
44:34 Scale Mail Armor
44:36 Padded Archer Armor
44:26 Fletching
46:03 Cavalier
47:20 Hoardings
47:30 Stone Shaft Mining
47:13 Chain Mail Armor
47:13 Leather Archer Armor
46:54 Bodkin Arrow
49:58 Ring Archer Armor
49:29 Bracer
49:42 Fervor
50:05 Coinage
不知天上水
10:39 Feudal Age
12:35 Loom
15:04 Castle Age
14:08 Double-Bit Axe
18:05 Horse Collar
18:37 Bow Saw
19:16 Heavy Plow
23:43 Man-at-Arms
24:27 Long Swordsman
26:50 Wheelbarrow
28:34 Hand Cart
28:31 Gold Mining
28:32 Stone Mining
29:07 Scale Mail Armor
29:18 Forging
31:51 Imperial Age
30:35 Chain Mail Armor
30:36 Anarchy
31:15 Iron Casting
32:31 Squires
31:55 Elite Huskarl
32:58 Conscription
34:30 Blast Furnace
34:39 Perfusion
37:02 Two-Handed Swordsman
37:29 Champion
41:40 Two-Man Saw
阿酷丶
7:07 Loom
9:24 Feudal Age
12:50 Double-Bit Axe
18:20 Gold Mining
22:00 Castle Age
19:52 Horse Collar
21:42 Wheelbarrow
21:22 Fletching
21:32 Padded Archer Armor
22:14 Crossbowman
23:01 Thumb Ring
23:48 Gold Shaft Mining
23:27 Bow Saw
23:59 Thumb Ring
25:26 Ballistics
25:50 Hand Cart
32:39 Gold Shaft Mining
32:06 Heavy Plow
36:10 Bodkin Arrow
40:18 Leather Archer Armor
43:36 Imperial Age
43:36 Scale Mail Armor
43:37 Squires
43:23 Arson
44:21 Bracer
44:51 Ring Archer Armor
43:44 Arbalester
45:07 Scale Barding Armor
45:17 Chain Mail Armor
45:13 Forging
46:05 Chemistry
45:18 Fortified Wall
45:03 Murder Holes
45:19 Masonry
46:10 Guilds
46:31 Coinage
46:57 Conscription
47:05 Heated Shot
49:26 Plate Mail Armor
49:32 Iron Casting
teshi
6:46 Loom
10:31 Feudal Age
11:21 Double-Bit Axe
11:46 Town Watch
21:51 Castle Age
20:03 Stone Mining
21:24 Horse Collar
21:35 Gold Mining
21:57 Scale Mail Armor
22:07 Forging
23:29 Wheelbarrow
25:36 Fortified Wall
28:46 Fletching
33:45 Imperial Age
32:46 Sanctity
32:36 Fervor
33:17 Devotion
33:41 Town Patrol
33:39 Bodkin Arrow
34:49 Conscription
34:54 Elite Skirmisher
37:21 Chemistry
36:42 Block Printing
37:08 Ballistics
36:44 Murder Holes
37:08 Forging
38:01 Redemption
37:41 Treadmill Crane
41:33 Chain Mail Armor
41:53 Iron Casting
44:22 Iron Casting
44:17 Plate Mail Armor
44:22 Iron Casting
44:41 Padded Archer Armor
44:51 Atonement
45:20 Illumination
46:06 Blast Furnace
45:36 Plate Mail Armor
46:05 Caravan
46:21 Bracer
47:10 Bow Saw
47:01 Heavy Plow
47:37 Gold Shaft Mining
47:37 Stone Shaft Mining
47:44 Leather Archer Armor
48:26 Theocracy
47:45 Sappers
48:21 Squires
48:09 Arson
49:12 Plate Mail Armor
48:35 Elite Jaguar Warrior
49:40 Atlatl
先天下之樂而樂
10:58 Feudal Age
14:50 Castle Age
13:24 Double-Bit Axe
13:33 Horse Collar
16:06 Heavy Plow
17:02 Wheelbarrow
18:05 Loom
22:16 Loom
29:21 Imperial Age
26:46 Fletching
26:56 Stone Mining
27:35 Bow Saw
27:48 Padded Archer Armor
27:51 Gold Mining
29:20 Leather Archer Armor
29:40 Hand Cart
31:31 Conscription
31:59 Gold Shaft Mining
32:27 Two-Man Saw
33:16 Ring Archer Armor
32:41 Bodkin Arrow
33:31 Yeomen
34:59 Ballistics
35:39 Chemistry
34:07 Pikeman
34:47 Squires
34:32 Arson
35:20 Bracer
35:31 Forging
35:21 Scale Mail Armor
35:06 Man-at-Arms
35:36 Long Swordsman
36:09 Two-Handed Swordsman
40:22 Champion
43:10 Onager
Zain
6:28 Loom
9:49 Feudal Age
10:38 Double-Bit Axe
14:25 Gold Mining
14:27 Horse Collar
17:21 Fletching
22:04 Castle Age
20:52 Padded Archer Armor
22:55 Wheelbarrow
22:26 Crossbowman
23:12 Thumb Ring
23:09 Bodkin Arrow
23:33 Bow Saw
24:34 Ballistics
26:02 Leather Archer Armor
33:01 Imperial Age
31:33 Gold Shaft Mining
30:52 Stone Mining
32:08 Stone Shaft Mining
33:40 Hand Cart
33:46 Arbalester
34:31 Bracer
35:01 Town Watch
41:55 Chemistry
43:23 Halberdier
44:03 Squires
mj871231
7:46 Loom
10:56 Feudal Age
15:47 Fletching
21:02 Castle Age
19:11 Double-Bit Axe
20:26 Horse Collar
21:54 Bow Saw
23:33 Scale Mail Armor
24:20 Gold Mining
25:52 Heavy Plow
26:44 Squires
28:15 Wheelbarrow
28:10 Chain Mail Armor
34:01 Anarchy
36:54 Pikeman
43:26 Imperial Age
42:55 Stone Mining
44:08 Forging
45:02 Hand Cart
44:32 Town Watch
45:31 Iron Casting
camel
10:00 Feudal Age
12:36 Loom
13:46 Loom
16:16 Castle Age
14:20 Double-Bit Axe
14:49 Horse Collar
17:41 Bow Saw
18:45 Heavy Plow
23:08 Stone Mining
25:03 Wheelbarrow
24:51 Gold Mining
27:54 Gold Shaft Mining
27:58 Stone Shaft Mining
28:54 Ballistics
31:13 Imperial Age
29:03 Fletching
29:15 Padded Archer Armor
29:40 Hand Cart
31:12 Bodkin Arrow
31:33 Leather Archer Armor
32:21 Conscription
31:32 Elite Mangudai
33:19 Parthian Tactics
35:05 Town Watch
35:06 Loom
37:13 Chemistry
36:27 Bloodlines
36:17 Husbandry
35:39 Light Cavalry
36:26 Thumb Ring
37:02 Hoardings
36:31 Bracer
36:37 Scale Barding Armor
36:43 Forging
37:35 Town Patrol
39:48 Sappers
39:55 Hussar
43:17 Chain Barding Armor
43:33 Iron Casting
Connection lost

Rejoining the realm…

Still unreachable

The connection could not be restored.

Session expired

The server has moved on; the page needs a fresh start.